 Dungeon Crawl Stone Soup version 0.21.1-1-g345015fe64 (webtiles) character file.

553 Gobser the Slasher (level 7, -11/54 HPs)
             Began as a Barachi Fighter on May 16, 2018.
             Was an Initiate of Ashenzari.
             Killed by divine providence
             ... invoked by an orc priest
              (14 damage)
             ... on level 6 of the Dungeon.
             The game lasted 00:18:06 (3298 turns).

Gobser the Slasher (Barachi Fighter)                Turns: 3298, Time: 00:18:07

Health: -11/54     AC:  9    Str: 19      XL:     7   Next: 29%
Magic:  7/7        EV:  6    Int:  8      God:    Ashenzari [......]
Gold:   195        SH: 17    Dex: 15 (16) Spells: 6/6 levels left

rFire    + . .     SeeInvis .   a - +1 long sword (curse)
rCold    . . .     Gourm    .   i - +2 large shield (curse)
rNeg     . . .     Faith    .   b - +0 scale mail
rPois    .         Spirit   .   (no helmet)
rElec    .         Reflect  .   (no cloak)
rCorr    .         Harm     .   (no gloves)
MR       .....     Clarity  +   (no boots)
Stlth    ..........             (no amulet)
HPRegen  0.18/turn              e - +4 ring of dexterity (curse)
MPRegen  0.10/turn              j - ring of protection from fire

@: slow
A: +LOS, swims, iridescent scales 1, clarity, slowness 1, strong legs 1
a: Hop, Curse Item, Renounce Religion


You were on level 6 of the Dungeon.
You worshipped Ashenzari.
Ashenzari was noncommittal.
You were not hungry.

You visited 1 branch of the dungeon, and saw 6 of its levels.

You collected 195 gold pieces.

Inventory:

Hand Weapons
 a - a cursed +1 long sword (weapon)
 p - a +0 whip of distortion
Armour
 b - a +0 scale mail (worn)
 c - a +0 shield
 i - a cursed +2 large shield (worn)
Jewellery
 e - a cursed +4 ring of dexterity (left hand)
 j - a ring of protection from fire (right hand)
Wands
 f - a wand of iceblast (11)
Scrolls
 g - 11 scrolls of identify
Comestibles
 h - a ration


   Skills:
 + Level 4.2 Fighting
 * Level 5.9 Long Blades
 * Level 5.5 Armour
 + Level 1.5 Dodging
 * Level 5.6 Shields


You had 6 spell levels left.
You didn't know any spells.

Dungeon Overview and Level Annotations

Branches:
Dungeon (6/15)
 Temple: D:4-7

Altars:
Ashenzari
Dithmenos
Kikubaaqudgha
Nemelex Xobeh
Ru
The Shining One

Annotations:
D:6 Pikel


Innate Abilities, Weirdness & Mutations

Shadows flee at your approach. (+LOS)
You can swim through water.
You cover ground slowly.
You can hop short distances.
You are partially covered in iridescent scales. (AC +2)
You possess an exceptional clarity of mind.


Message History

You closely miss Pikel.
Pikel is moderately wounded.
You block the slave's attack. You block Pikel's attack.
You block the slave's attack.
As you read the scroll of teleportation, it crumbles to dust.
You feel strangely unstable. Pikel barely misses you.
Your surroundings suddenly seem different.
The orc shouts!
An orc priest comes into view. It is wielding a whip.
The orc priest shouts!
You hear an angry hiss.
The orc priest looks braver for a moment.
Found a ration.
The orc priest begins to cast a cantrip, but forgets the words!
An adder comes into view.
The orc priest casts a cantrip, but nothing happens.
Okay, then.
Unknown command.
The orc priest invokes the aid of Beogh against you.
Beogh smites you!
You die...

.######.##.....#...
. #.##......%.# #
............##.#
####...........#
#......S.#
#......o.#
#....o#.##
....#.#..o#
......##.@# #####
##.# #.# ... ...
..... ..... .......
.......


You could see an orc priest, an adder and 2 orcs.

Vanquished Creatures
  A hungry ghost (D:3)
  An ogre (D:6)
  A hound (D:4)
  A quasit (D:6)
  An iguana (D:4)
  An orc wizard (D:6)
  A worker ant (D:6)
  The ghost of Gobser the Sneak, a weakling DrAs (D:3)
  A worker ant zombie (D:6)
  9 adders
  An ooze (D:4)
  3 worms
  3 dart slugs
  3 leopard geckos
  8 orcs
  6 bats
  5 giant cockroaches
  7 goblins (D:1)
  6 hobgoblins
  4 jackals (D:6)
  A quokka (D:4)
  6 frilled lizards
  7 kobolds
  6 rats
84 creatures vanquished.

Notes
Turn   | Place    | Note
-------+----------+-------------------------------------------
     0 | D:1      | Gobser the Barachi Fighter began the quest for the Orb.
     0 | D:1      | Reached XP level 1. HP: 18/18 MP: 1/1
    15 | D:1      | Gained mutation: You are partially covered in iridescent scales. (AC +2) [potion of mutation]
    15 | D:1      | Gained mutation: You possess an exceptional clarity of mind. [potion of mutation]
    46 | D:1      | Reached XP level 2. HP: 21/24 MP: 2/2
   146 | D:1      | Reached XP level 3. HP: 30/30 MP: 3/3
   942 | D:2      | Reached XP level 4. HP: 37/37 MP: 4/4
  1266 | D:3      | Noticed a hungry ghost
  1266 | D:3      | Noticed Gobser's ghost (weakling DrAs)
  1292 | D:3      | Killed Gobser's ghost
  1313 | D:3      | Killed a hungry ghost
  1313 | D:3      | Reached XP level 5. HP: 29/42 MP: 5/5
  1328 | D:3      | Reached XP level 6. HP: 32/48 MP: 6/6
  1426 | D:3      | Reached skill level 5 in Long Blades
  1433 | D:3      | Reached skill level 5 in Armour
  1664 | D:3      | Found a sacrificial altar of Ru.
  1918 | D:4      | Reached skill level 1 in Dodging
  1918 | D:4      | Reached skill level 5 in Shields
  2132 | D:4      | Found a shattered altar of Ashenzari.
  2151 | D:4      | Became a worshipper of Ashenzari the Shackled
  2807 | D:5      | Entered Level 5 of the Dungeon
  2807 | D:5      | Found an ancient bone altar of Kikubaaqudgha.
  2807 | D:5      | Found a glowing golden altar of the Shining One.
  2807 | D:5      | Found a shadowy altar of Dithmenos.
  2807 | D:5      | Found a sparkling altar of Nemelex Xobeh.
  2863 | D:6      | Reached XP level 7. HP: 26/54 MP: 7/7
  3263 | D:6      | Noticed Pikel
  3289 | D:6      | HP: 1/54 [slave[Pikel] (3)]
  3298 | D:6      | Killed from afar by an orc priest

Skill      XL: |  1  2  3  4  5  6 |
---------------+-------------------+-----
Long Blades    | 3 4 5 |  5.9
Armour         | 4 5 |  5.5
Shields        | 4 5 |  5.6
Fighting       | 4 |  4.2
Dodging        | 1 |  1.5

Action                   |  1- 3 |  4- 6 |  7- 9 || total
-------------------------+-------+-------+-------++-------
Melee: Long sword        |   106 |   204 |    58 ||   368
Invok: Curse Item        |       |     3 |       ||     3
 Abil: Hop               |       |     1 |       ||     1
Evoke: Wand              |       |     1 |       ||     1
  Use: Scroll            |     7 |     3 |     2 ||    12
       Potion            |     4 |     4 |     2 ||    10
  Eat: Ration            |     1 |     5 |     1 ||     7
       Chunk             |       |     1 |       ||     1
Armor: Scale mail        |    81 |   110 |    23 ||   214
Dodge: Dodged            |    35 |    65 |    17 ||   117
Block: Shield            |    52 |       |       ||    52
       Large shield      |    27 |   218 |    71 ||   316
       Rpst.: Long sword |     8 |    18 |     5 ||    31
